 Dungeon Crawl Stone Soup version bcrawl-1.12.2 (webtiles) character file.

Game seed: 9311914974313070146

26 MisterOstroum the Sneak (level 2, -4/23 HPs)
             Began as a Demonspawn Archaeologist on July 17, 2019.
             Slain by a worm (7 damage)
             ... on level 2 of the Dungeon.
             The game lasted 00:02:10 (859 turns).

MisterOstroum the Sneak (Demonspawn Archaeologist)   Turns: 859, Time: 00:02:11

Health: -4/23      AC:  9    Str: 11    XL:     2   Next: 89%
Magic:  2/2        EV:  4    Int: 15    God:
Gold:   41         SH:  9    Dex: 11    Spells: 1/1 levels left

rFire    . . .     SeeInvis .   j - +0 mace
rCold    . . .     Gourm    .   k - +0 large shield
rNeg     . . .     Faith    .   h - +0 scale mail
rPois    .         Spirit   .   c - +1 hat
rElec    .         Reflect  .   (no cloak)
rCorr    .         Harm     .   (no gloves)
MR       .....                  d - +1 pair of boots
Stlth    +.........             (no amulet)
HPRegen  0.07/turn              (no ring)
MPRegen  0.08/turn              (no ring)

@: no status effects
A: spiny 1
a: no special abilities


You were on level 2 of the Dungeon.
You were not hungry.

You visited 1 branch of the dungeon, and saw 2 of its levels.

You collected 41 gold pieces.

Inventory:

Hand Weapons
 a - a +0 whip
 j - a +0 mace (weapon)
Missiles
 p - 111 stones (quivered)
Armour
 b - a +1 robe
 c - a +1 hat (worn)
 d - a +1 pair of boots (worn)
 h - a +0 scale mail (worn)
 k - a +0 large shield (worn)
Scrolls
 i - a scroll of enchant armour {unknown}
 l - a scroll of identify {unknown}
 m - a scroll of blinking {unknown}
 o - 2 scrolls of remove curse {unknown}
Potions
 n - a potion of resistance {unknown}
Miscellaneous
 f - an ancient crate
 g - a dusty tome
Comestibles
 e - a ration {!d}
 q - a chunk of flesh


   Skills:
 + Level 2.9 Fighting
 - Level 0.8 Maces & Flails
 - Level 2.6 Dodging
 - Level 3.0 Stealth


You had one spell level left.
You didn't know any spells.
Your spell library was empty.

Dungeon Overview and Level Annotations

Branches:
Dungeon (2/12)

Altars:


Innate Abilities, Weirdness & Mutations

You are partially covered in sharp spines.


Message History

A rat comes into view.
Throwing (i - inventory)
p - 110 stones (quivered)
Press: ? - help, Shift-Dir - straight line, f/p - leopard gecko
Aim: a leopard gecko You throw a stone.
The stone closely misses the leopard gecko.
The kobold throws a stone.
The stone hits you but does no damage.
Throwing (i - inventory)
p - 109 stones (quivered)
Press: ? - help, Shift-Dir - straight line, f/p - leopard gecko
Aim: a leopard gecko You throw a stone.
The stone closely misses the leopard gecko.
You block the leopard gecko's attack.
You closely miss the leopard gecko. The quokka is struck by your spines.
The quokka bites you but does no damage.
You block the leopard gecko's attack. The quokka bites you.
The leopard gecko bites you.
You closely miss the quokka.
The quokka is moderately wounded.
The quokka is struck by your spines. The quokka barely misses you.
The leopard gecko is struck by your spines.
The leopard gecko bites you but does no damage.
The kobold hits you but does no damage. The rat bites you but does no damage.
The quokka bites you but does no damage.
The leopard gecko is struck by your spines.
The leopard gecko bites you. The kobold is struck by your spines.
The kobold hits you but does no damage. You block the rat's attack.
The quokka is struck by your spines.
You kill the quokka!
You block the leopard gecko's attack. The kobold hits you but does no damage.
The rat is struck by your spines. The rat barely misses you.
You climb upwards.
There is a stone staircase leading down here.
You hit the leopard gecko.
The leopard gecko is almost dead.
The leopard gecko is struck by your spines.
You kill the leopard gecko!
You block the kobold's attack. The rat barely misses you.
Your shield prevents you from hitting the rat.
The rat is severely wounded.
The kobold is struck by your spines. The kobold hits you but does no damage.
The rat barely misses you. You block the kobold's attack. The rat bites you.
Your shield and scale mail prevent you from hitting the kobold.
The kobold is severely wounded.
The kobold barely misses you. The rat bites you but does no damage.
Your shield and scale mail prevent you from hitting the kobold.
The kobold is severely wounded.
You block the kobold's attack. The rat is struck by your spines.
You kill the rat!
You block the kobold's attack.
You closely miss the kobold.
The kobold is severely wounded.
The kobold is struck by your spines.
You kill the kobold!
p - 111 stones (gained 3)
You see here a kobold corpse.
The kobold corpse isn't edible.
You see here a rat corpse.
You butcher the rat corpse.
q - a chunk of flesh You see here a rat skeleton.
There is a stone staircase leading down here.
You start resting.
HP restored.
You climb downwards.
There is a stone staircase leading up here.
You barely miss the worm. The worm bites you!
You hit the worm.
The worm is moderately wounded.
The worm bites you.
You are too injured to fight recklessly!
You are too injured to fight recklessly!
You are too injured to fight recklessly!
Your shield and scale mail prevent you from hitting the worm.
The worm is moderately wounded.
You block the worm's attack.
You sock the worm!
The worm is heavily wounded.
The worm bites you but does no damage.
You hit the worm but do no damage.
The worm is heavily wounded.
You block the worm's attack.
You hit the worm.
The worm is severely wounded.
The worm is struck by your spines. The worm bites you but does no damage.
You hit the worm.
The worm is severely wounded.
You block the worm's attack.
Your shield and scale mail prevent you from hitting the worm.
The worm is severely wounded.
The worm is struck by your spines. The worm bites you!
* * * LOW HITPOINT WARNING * * *
You hit the worm.
The worm is severely wounded.
The worm bites you.
* * * LOW HITPOINT WARNING * * *
You hit the worm.
The worm is almost dead.
The worm bites you!
You die...

.# ###.#
....##
#8...8#
.......
...<...
####.......
#..@w..8..#
##.......##
#.....(.#
........#
.#.......#
#.#########
. ##


You could see a worm.

Vanquished Creatures
  A worm (D:1)
  2 dart slugs (D:1)
  3 leopard geckos (D:1)
  2 hobgoblins (D:1)
  A quokka (D:2)
  A bat (D:1)
  2 kobolds (D:1)
  6 rats (D:1)
18 creatures vanquished.

Notes
Turn   | Place    | Note
-------+----------+-------------------------------------------
     0 | D:1      | MisterOstroum the Demonspawn Archaeologist began the quest
                  | for the Orb.
     0 | D:1      | Reached XP level 1. HP: 15/15 MP: 1/1
   176 | D:1      | Gained mutation: You are partially covered in sharp spines.
                  | [demonic ancestry]
   176 | D:1      | Reached XP level 2. HP: 21/22 MP: 2/2
   859 | D:2      | Slain by a worm

Skill      XL: |  1 |
---------------+----+-----
Fighting       | 2 |  2.9
Maces & Flails | |  0.8
Dodging        | |  2.6
Stealth        | |  3.0

Action                   || total
-------------------------++-------
Melee: Mace              ||    55
       Whip              ||    10
Throw: Stone             ||    11
Armor: Scale mail        ||    38
Dodge: Dodged            ||    32
Block: Large shield      ||    11
